 Dungeon Crawl Stone Soup version 0.30-a0-1074-g5db6f66fbb (webtiles) character file.

Game seed: 3563830591074075727

6527 GilGalad the Protected (level 10, -1/84 HPs)
             Began as a Minotaur Fighter on Apr 14, 2023.
             Was an Elder of Hepliaklqana.
             Killed from afar by a lava snake (13 damage)
             ... with a glob of lava
             ... on level 1 of the Lair of Beasts.
             The game lasted 00:15:40 (8350 turns).

GilGalad the Protected (Minotaur Fighter)           Turns: 8350, Time: 00:15:41

Health: -1/84      AC: 10    Str: 24    XL:     10   Next: 69%
Magic:  9/9        EV: 11    Int:  5    God:    Hepliaklqana [****..]
Gold:   647        SH:  6    Dex: 11    Spells: 9/9 levels left

rFire   + . .      SeeInvis .    d - +2 war axe (flame)
rCold   x . .      Faith    .    c - +0 buckler
rNeg    . . .      Spirit   .    z - +2 steam dragon scales
rPois   +          Reflect  .    (helmet restricted)
rElec   .          Rampage  .    (no cloak)
rCorr   .                        e - +0 pair of gloves
Will    .....                    (no boots)
Stlth   +                        (no amulet)
HPRegen 0.34/turn                D - ring of fire
MPRegen 0.11/turn                E - ring of poison resistance

@: no status effects
A: reduced essence, horns 2, retaliatory headbutt
a: Renounce Religion, Recall Ancestor, Ancestor Identity, Transference, Idealise


You were on level 1 of the Lair of Beasts.
You worshipped Hepliaklqana.
Hepliaklqana was greatly pleased with you.
You visited 2 branches of the dungeon, and saw 10 of its levels.

You collected 667 gold pieces.
You spent 20 gold pieces at shops.

Inventory:

Hand Weapons
 a - a +0 war axe
 d - a +2 war axe of flaming (weapon)
 y - a +2 mace of holy wrath
 I - a +0 heavy battleaxe
Missiles
 H - a throwing net (quivered)
Armour
 b - a +0 scale mail
 c - a +0 buckler (worn)
 e - a +0 pair of gloves (worn)
 z - +2 steam dragon scales (worn)
 C - a +0 plate armour
Jewellery
 s - a ring of willpower
 D - a ring of fire (left hand)
 E - a ring of poison resistance (right hand)
 F - a ring of willpower
 N - an amulet of faith
Wands
 m - a wand of flame (11)
 M - a wand of charming (7)
 P - a wand of light (4)
Scrolls
 f - 4 scrolls of teleportation {unknown}
 g - 2 scrolls of silence {unknown}
 k - 5 scrolls of immolation
 l - a scroll of brand weapon {unknown}
 n - 3 scrolls of blinking {unknown}
 o - a scroll of acquirement {unknown}
 p - 2 scrolls of magic mapping {unknown}
 r - a scroll of fog {unknown}
 v - a scroll of torment {unknown}
 A - 2 scrolls of amnesia {unknown}
 G - a scroll of enchant weapon {unknown}
 J - a scroll of identify
 K - a scroll of fear {unknown}
 L - a scroll of enchant armour {unknown}
Potions
 h - 2 potions of berserk rage
 i - 5 potions of curing
 j - 4 potions of degeneration
 q - 2 potions of ambrosia
 t - 3 potions of flight
 u - a potion of brilliance {unknown}
 w - 4 potions of lignification {unknown}
 x - 2 potions of magic {unknown}
 B - 2 potions of heal wounds {unknown}
 O - 2 potions of attraction {unknown}


   Skills:
 + Level 10.4 Fighting
 + Level 10.1 Axes
 + Level 10.5 Armour
 + Level 10.5 Shields


You had 9 spell levels left.
You didn't know any spells.
Your spell library contained the following spells:

 Spells                   Type           Power      Damage    Failure   Level
 Apportation              Tloc           0%         N/A       54%         1
 Necrotise                Necr           0%         1d4       54%         1
 Sting                    Tmut/Pois      0%         1d3       54%         1
 Blink                    Tloc           0%         N/A       67%         2
 Lesser Beckoning         Tloc           0%         N/A       67%         2
 Momentum Strike          Conj/Tloc      0%         3d8       67%         2
 Poisonous Vapours        Pois/Air       0%         N/A       67%         2
 Dazzling Flash           Conj/Hex       0%         N/A       88%         3
 Gell's Gravitas          Tloc           0%         N/A       88%         3
 Teleport Other           Tloc           0%         N/A       88%         3
 Vampiric Draining        Necr           0%         2d6       88%         3
 Volatile Blastmotes      Fire/Tloc      0%         2d10      88%         3
 Iskenderun's Mystic Bla  Conj/Tloc      0%         2d3       99%         4
 Olgreb's Toxic Radiance  Pois           0%         N/A       99%         4
 Agony                    Necr           0%         N/A       100%        5
 Alistair's Intoxication  Tmut/Pois      0%         N/A       100%        5
 Dispersal                Tloc           0%         N/A       100%        6
 Starburst                Conj/Fire      0%         6d3       100%        6


Dungeon Overview and Level Annotations

Branches:
Dungeon (9/15)             Temple (0/1) D:5            Lair (1/5) D:9
    Orc: D:9-12

Altars:
Dithmenos
Elyvilon
Gozag
Hepliaklqana
Kikubaaqudgha
Nemelex Xobeh
Okawaru
Qazlal
Sif Muna
Trog
Uskayaw
Xom
Zin

Shops:
D:5 ?


Innate Abilities, Weirdness & Mutations

Your life essence is reduced to manifest your ancestor. (-10% HP)
You have a pair of horns on your head.
You reflexively headbutt those who attack you in melee.


Message History

The glob of lava hits you! You partially resist.
The lava snake spits lava at you. The glob of lava hits you!
You partially resist.
You closely miss the electric eel. You hit the electric eel.
You burn the electric eel.
The electric eel is moderately wounded.
The lava snake spits lava at you. The glob of lava hits you.
You partially resist.
Muriel points at the lava snake and mumbles some strange words.
The lava snake appears confused.
You barely miss the electric eel. You headbutt the electric eel.
The electric eel is heavily wounded.
The lava snake flops around on dry land!
An electric eel comes into view.
You closely miss the electric eel. Your headbutt misses the electric eel.
The electric eel is heavily wounded.
The lava snake flops around on dry land!
The lava snake spits lava at you. You block the glob of lava.
The electric eel shoots out a bolt of lightning at you!
The bolt of electricity hits you!
You hear a croak.
You are too injured to fight recklessly!
The lava snake completely misses Muriel.
The electric eel shoots out a bolt of lightning at you!
The bolt of electricity hits you!
* * * LOW HITPOINT WARNING * * *
The electric eel shoots out a bolt of lightning at you!
The bolt of electricity hits you!
* * * LOW HITPOINT WARNING * * *
Muriel hits the lava snake with a +0 dagger of draining.
Muriel drains the lava snake.
The lava snake dies!
The electric eel shoots out a bolt of lightning at you!
The bolt of electricity hits you.
* * * LOW HITPOINT WARNING * * *
A blink frog comes into view.
The lava snake spits lava at you. The glob of lava hits you!
You partially resist.
You die...

#.# ≈≈≈...≈# ## #.#
##S≈F..≈# .###.####
##≈≈...§≈#
.†.....P########≈≈...≈.≈#
######.....##.##≈≈..§§≈≈#
# #####....##≈....≈≈#
#.##.##S..R.S#
####.####..### #...@....#
##########


You could see the friendly Muriel the hexer and a lava snake (catching breath).

Vanquished Creatures
  A black mamba (Lair:1)
  A cane toad (Lair:1)
  Maggie (D:6)
  A wyvern (D:7)
  A basilisk (Lair:1)
  A steam dragon (Lair:1)
  2 wargs (D:9)
  2 orc warriors (D:6)
  3 black bears
  A sky beast (D:7)
  2 ogres (D:5)
  An ice beast (D:7)
  A wolf (Lair:1)
  A centaur (D:9)
  A phantom (D:6)
  A kobold brigand (D:8)
  8 bullfrogs
  Blork the orc (D:6)
  2 scorpions
  2 wights (D:8)
  3 killer bees (D:9)
  5 hounds
  2 jellies
  3 orc priests
  6 iguanas
  A sleepcap (D:5)
  Jessica (D:3)
  6 orc wizards
  4 gnolls (D:5)
  12 adders
  A shadow imp (D:6)
  A white imp (D:8)
  An ufetubus (D:5)
  3 worms
  2 dart slugs
  28 orcs
  3 bats
  3 endoplasms
  2 giant cockroaches
  6 goblins
  10 hobgoblins
  3 jackals (D:1)
  A quokka (D:1)
  9 ball pythons
  2 frilled lizards (D:1)
  3 kobolds
  4 rats
159 creatures vanquished.

Vanquished Creatures (collateral kills)
  A two-headed ogre (D:8)
  A komodo dragon (Lair:1)
  A hornet (D:9)
  2 steam dragons (D:9)
  Menkaure (D:6)
  A warg (D:9)
  An orc warrior (D:9)
  2 wolves (Lair:1)
  A scorpion (D:5)
  A wight (D:8)
  4 orc priests (D:9)
  An adder (D:6)
  6 orcs
  A hobgoblin (D:4)
  3 kobolds (D:8)
  A quokka (D:5)
28 creatures vanquished.

Vanquished Creatures (others)
  A lava snake (Lair:1)
  2 fungi (Lair:1)
  4 plants (Lair:1)
7 creatures vanquished.

Grand Total: 194 creatures vanquished

Notes
Turn   | Place    | Note
-------+----------+-------------------------------------------
     0 | D:1      | GilGalad the Minotaur Fighter began the quest for the Orb.
     0 | D:1      | Reached XP level 1. HP: 19/19 MP: 0/0
   179 | D:1      | Reached XP level 2. HP: 25/27 MP: 1/1
   652 | D:2      | Reached XP level 3. HP: 32/33 MP: 2/2
   734 | D:2      | Found an ancient bone altar of Kikubaaqudgha.
  1126 | D:3      | Reached XP level 4. HP: 41/41 MP: 3/3
  1197 | D:3      | Found a hazy altar of Hepliaklqana.
  1198 | D:3      | Found an iron altar of Okawaru.
  1267 | D:3      | Became a worshipper of Hepliaklqana the Forgotten
  1376 | D:3      | Noticed Jessica
  1585 | D:3      | Found a shimmering blue altar of Sif Muna.
  1586 | D:3      | Killed Jessica
  1744 | D:3      | Found a glowing silver altar of Zin.
  1912 | D:4      | Reached XP level 5. HP: 47/47 MP: 4/4
  2357 | D:4      | Reached skill level 5 in Fighting
  2357 | D:4      | Reached skill level 5 in Armour
  2357 | D:4      | Reached skill level 5 in Shields
  2375 | D:5      | Entered Level 5 of the Dungeon
  2375 | D:5      | Reached * piety under Hepliaklqana
  2464 | D:5      | Found a bloodstained altar of Trog.
  2652 | D:5      | Noticed a black bear
  2662 | D:5      | Killed a black bear
  2663 | D:5      | Reached XP level 6. HP: 16/50 MP: 5/5
  2844 | D:5      | Found a shadowy altar of Dithmenos.
  2854 | D:5      | Found Okhujeh's Magic Scroll Shop.
  2961 | D:5      | Bought a scroll of identify for 20 gold pieces
  2982 | D:5      | Found a staircase to the Ecumenical Temple.
  2992 | D:5      | Reached XP level 7. HP: 22/55 MP: 6/6
  3171 | D:5      | Reached skill level 5 in Axes
  3797 | D:4      | Found a stormy altar of Qazlal.
  4103 | D:4      | Found a sparkling altar of Nemelex Xobeh.
  4444 | D:6      | Reached XP level 8. HP: 53/63 MP: 7/7
  4532 | D:6      | Reached ** piety under Hepliaklqana
  4533 | D:6      | Remembered your ancestor Muriel as a hexer
  4534 | D:6      | Noticed Blork the orc
  4539 | D:6      | Killed Blork the orc
  4548 | D:6      | Noticed Maggie
  4557 | D:6      | Killed Maggie
  4900 | D:6      | Noticed Menkaure
  4905 | D:6      | Killed Menkaure
  4906 | D:6      | Reached XP level 9. HP: 44/72 MP: 8/8
  5841 | D:7      | Found a shimmering altar of Xom.
  6086 | D:8      | Reached *** piety under Hepliaklqana
  6554 | D:8      | Noticed a two-headed ogre
  6561 | D:8      | Killed a two-headed ogre
  6806 | D:8      | Found an opulent altar of Gozag.
  6867 | D:9      | Reached XP level 10. HP: 71/81 MP: 9/9
  6886 | D:9      | Found a white marble altar of Elyvilon.
  6946 | D:9      | Found a staircase to the Lair.
  7232 | D:9      | Found a hide-covered altar of Uskayaw.
  7942 | D:9      | Reached skill level 10 in Shields
  7995 | Lair:1   | Entered Level 1 of the Lair of Beasts
  8040 | Lair:1   | Reached skill level 10 in Armour
  8042 | Lair:1   | Reached skill level 10 in Fighting
  8102 | Lair:1   | Noticed a black mamba
  8110 | Lair:1   | Killed a black mamba
  8135 | Lair:1   | Reached **** piety under Hepliaklqana
  8143 | Lair:1   | Noticed a cane toad
  8152 | Lair:1   | Killed a cane toad
  8153 | Lair:1   | Reached skill level 10 in Axes
  8350 | Lair:1   | Killed from afar by a lava snake

Illustrated notes

Levels and vault maps discovered:
D:1:      wander_arrival_lonely_grave, layout_basic, dk_noncrumbling_4,
          minmay_misc_feat_four_crosses
D:2:      layout_rooms, basic_altar
D:3:      layout_basic, zin_scriptorium, grunt_temple_overflow_open, tgw_sif,
          interstate_on_off
D:4:      minmay_chambers_of_twos, layout_basic, lemuel_doored_altar,
          lemuel_round_altar
D:5:      layout_gridville, nicolae_overflow_squiral, temple_fountains,
          serial_shops, shop_statue
D:6:      layout_cave_pools, st_stairs_2, minmay_misc_feat_alley, uniq_maggie,
          uniq_menkaure, uniq_blork_the_orc
D:7:      layout_basic, mainiacjoe_overflow_concentric_impassable,
          serial_aquarium, aquarium_bridge_long_separate
          [aquarium_subvault_balcony, aquarium_subvault_bridge,
          aquarium_subvault_wall, aquarium_subvault_wall,
          aquarium_subvault_bridge, aquarium_subvault_bridge],
          aquarium_bridge_straight [aquarium_subvault_bridge,
          aquarium_subvault_wall, aquarium_subvault_bridge,
          aquarium_subvault_wall], aquarium_window_1, aquarium_window_2,
          aquarium_window_corner, aquarium_view_2g, aquarium_view_2f
D:8:      layout_rooms, lemuel_coloured_pillars_altar
D:9:      layout_gridville, mainiacjoe_overflow_alcove_2, elyvilon_altar_3,
          erik_lair_orcish_takeover, special_room [special_room_orc]
Lair:1:   layout_loops_ring, nicolae_lair_liquid_snakes

Skill      XL: |  1  2  3  4  5  6  7  8  9 10 |
---------------+-------------------------------+-----
Shields        | 4 5 6 7 9 10 | 10.5
Fighting       | 4 5 6 7 9 10 | 10.4
Armour         | 4 5 6 7 9 10 | 10.5
Axes           | 3 4 6 7 9 10 | 10.1

Action                     |  1- 3 |  4- 6 |  7- 9 | 10-12 || total
---------------------------+-------+-------+-------+-------++-------
  Melee: War axe           |    84 |    52 |   156 |    60 ||   352
         Headbutt          |    10 |    12 |    30 |    19 ||    71
         Battleaxe         |       |       |    22 |    10 ||    32
 Invoke: Ancestor Identity |       |       |     1 |       ||     1
         Ancestor Life: He |       |       |     1 |       ||     1
    Use: Potion            |       |     1 |     1 |       ||     2
         Scroll            |       |     6 |       |       ||     6
   Stab: Confused          |       |       |     1 |       ||     1
         Distracted        |       |       |     2 |       ||     2
 Armour: Scale mail        |    46 |    18 |    37 |       ||   101
         Steam dragon scal |       |       |    30 |    25 ||    55
  Dodge: Dodged            |    57 |    22 |    80 |    36 ||   195
  Block: Buckler           |    14 |    13 |    42 |    24 ||    93

Table legend: (Time is in decaauts)
 A = Elapsed time spent in this place.
 B = Non-inter-level travel time spent in this place.
 C = Inter-level travel time spent in this place.
 D = Time resting spent in this place.
 E = Time spent auto-exploring this place.
 F = Levels seen in this place.
 G = Mean time per level.
                   A        B        C        D        E       F      G
               +--------+--------+--------+--------+--------+-----+--------+
         Total |   8465 |   8047 |    418 |      0 |   6786 |  10 |  846.5 |
       Dungeon |   8208 |   7816 |    392 |      0 |   6637 |   9 |  912.0 |
          Lair |    257 |    231 |     26 |      0 |    149 |   1 |  257.0 |
               +--------+--------+--------+--------+--------+-----+--------+

Top non-repeatable levels by time:
     D:5: 1399 daAuts
     D:9: 1246 daAuts
     D:4: 1213 daAuts
     D:7: 936 daAuts
     D:3: 863 daAuts
     D:8: 793 daAuts
     D:6: 726 daAuts
     D:1: 662 daAuts
     D:2: 368 daAuts
  Lair:1: 257 daAuts
